[Event "ONJK 2023 U25"]
[Site "Dieren, Netherlands"]
[Date "2023.08.04"]
[Round "1.1"]
[White "Baselmans, Luuk"]
[Black "Van Dam, Thijs"]
[Result "1-0"]
[TimeControl "90min + 30sec/zet"]
[WhiteElo "2338"]
[BlackElo "1919"]

1. e4 c5 2. Nf3 g6 3. c3 d5 4. e5 Nc6 5. d4 cxd4 6. cxd4 Bg4 7. Bb5 Qb6 8. Bxc6+ bxc6 9. Nbd2 Bg7 10.
h3 Bxf3 11. Nxf3 Nh6 12. O-O O-O 13. b3 c5 14. Bf4 c4 15. bxc4 dxc4 16. Qd2 c3 17. Qxc3 e6 18. Rab1 Qa6 19.
Qd2 Nf5 20. Bg5 Rfe8 21. Rb3 Ne7 22. Bxe7 Rxe7 23. Rfb1 Rd8 24. Rb8 Ree8 25. R8b7 Qa4 26. R1b4 Qa5 27. Qf4 Rf8 28. a4 Rc8 29.
h4 Rc7 30. h5 Rfc8 31. Rb8 Qa6 32. hxg6 hxg6 33. d5 exd5 34. e6 Bf8 35. Rxc8 Qxc8 36. Rb1 fxe6 37. Nh4 Rf7 38. Qg4 Qc2 39.
Rf1 Bc5 40. Nf3 Qf5 41. Qg3 Kg7 42. Ng5 Rb7 43. Qc3+ e5 44. Qxc5 Qxg5 45. Qxd5 Re7 46. g3 Qf5 47. Re1 e4 48.
Qd4+ Kh7 49. Re3 Qg4 50. Kg2 Qf5 51. Qb4 Rf7 52. Qb2 a5 53. g4 Qf6 54. Qxf6 Rxf6 55. Rxe4 Rb6 56. f4 Rb3 57.
Re5 Rb4 58. Rxa5 Rxf4 59. g5 Kg7 60. Kg3 Rb4 61. Kf3 Kf7 62. Ra6 Kg7 63. Ra7+ Kf8 64. a5 Ra4 65. a6 Kg8 66. Ke3 Rg4 67.
Rb7 1-0

[Event "ONJK 2023 U25"]
[Site "Dieren, Netherlands"]
[Date "2023.08.04"]
[Round "1.2"]
[White "Guillaumond, Matthieu"]
[Black "Boudry, William"]
[Result "1-0"]
[TimeControl "90min + 30sec/zet"]
[WhiteElo "1856"]
[BlackElo "2084"]

1. e4 c5 2. c3 d5 3. exd5 Qxd5 4. d4 Nc6 5. Nf3 Bf5 6. dxc5 Qxd1+ 7. Kxd1 O-O-O+ 8. Ke1 e5 9. b4 e4 10.
Nfd2 Ne5 11. Nc4 Nd3+ 12. Bxd3 exd3 13. Bg5 Re8+ 14. Ne3 h6 15. Bh4 g5 16. Bg3 Nf6 17. Kd1 Bd7 18. Kd2 Ne4+ 19.
Kxd3 f5 20. f3 Bb5+ 21. c4 Rd8+ 22. Ke2 Nxg3+ 23. hxg3 Bg7 24. cxb5 Rhe8 25. Nd2 Bxa1 26. Rxa1 Rd4 27. Nb3 Rxb4 28.
Kf2 Re5 29. Rd1 h5 30. Rd2 h4 31. g4 fxg4 32. Nxg4 Rf5 33. Ke3 Rf8 34. Nd4 Rd8 35. Nf6 Ra4 36. Ne4 Ra3+ 37. Kf2 g4 38.
fxg4 Rf8+ 39. Nf5 Kc7 40. Ng5 Rf6 41. Nf3 Rc3 42. N5xh4 Rxc5 43. a4 Rf4 44. Kg3 Rcc4 45. g5 Rxa4 46.
g6 Rae4 47. Rd5 Rg4+ 48. Kh3 Kb6 49. g3 Rb4 50. Ng5 Rgc4 51. g7 Rc8 52. Rf5 Rg8 53. Ne6 Rxb5 54. Rf8 Rxg7 55. Nxg7 a5 56.
Ra8 Re5 57. Ngf5 Kb5 58. g4 Kb4 59. g5 Re6 60. g6 Rxg6 61. Nxg6 a4 62. Nd4 b5 63. Ne5 Kc5 64. Nc2 Kd5 65.
Nd3 Kc4 66. Ndb4 1-0

[Event "ONJK 2023 U25"]
[Site "Dieren, Netherlands"]
[Date "2023.08.04"]
[Round "1.3"]
[White "Faybish, Benjamin"]
[Black "Swennen, Fleur"]
[Result "1-0"]
[TimeControl "90min + 30sec/zet"]
[WhiteElo "2064"]
[BlackElo "1851"]

1. d4 f5 2. Nf3 Nf6 3. g3 e6 4. Bg2 Be7 5. O-O O-O 6. c4 d6 7. b3 Ne4 8. Nfd2 Nxd2 9. Nxd2 Bf6 10.
Bb2 e5 11. e3 Nc6 12. Nf3 Qe8 13. a3 Kh8 14. b4 f4 15. exf4 exf4 16. b5 Nd8 17. Nd2 Ne6 18. Ne4 Ng5 19.
Nxf6 Rxf6 20. d5 Rf5 21. h4 f3 22. Bh1 Nh3+ 23. Kh2 Qf7 24. Qd4 Bd7 25. Rae1 Rh5 26. Qxg7+ Qxg7 27. Bxg7+ Kg8 28.
Bxf3 Rf5 29. Bg4 Rxf2+ 30. Rxf2 Nxf2 31. Bxd7 Kxg7 32. Re7+ Kg6 33. g4 h5 34. Be8+ Rxe8 35. gxh5+ Kxh5 36.
Rxe8 Ng4+ 37. Kg3 Ne5 38. Rxe5+ dxe5 39. Kf3 Kxh4 40. Ke4 Kg4 41. Kxe5 1-0

[Event "ONJK 2023 U25"]
[Site "Dieren, Netherlands"]
[Date "2023.08.05"]
[Round "2.1"]
[White "Verheul, Job"]
[Black "Baselmans, Luuk"]
[Result "0-1"]
[TimeControl "90min + 30sec/zet"]
[WhiteElo "1952"]
[BlackElo "2338"]

1. e4 e6 2. d4 d5 3. Nd2 c5 4. exd5 Qxd5 5. Ngf3 cxd4 6. Bc4 Qd7 7. O-O Nc6 8. Nb3 a6 9. Nbxd4 Nxd4 10.
Qxd4 Qxd4 11. Nxd4 Nf6 12. Be2 Be7 13. Bf4 O-O 14. Bf3 Nd7 15. Nb3 e5 16. Rfe1 f5 17. Bxe5 Nxe5 18. Rxe5 Bf6 19.
Bd5+ Kh8 20. Re2 Bxb2 21. Rae1 Bc3 22. Re8 Bd7 23. Rxf8+ Rxf8 24. Re7 Rd8 25. h3 b6 26. Be6 Bc6 27.
Bxf5 Bb4 28. Be4 Bxe7 29. Bxc6 Rd1+ 30. Kh2 Rb1 31. a4 Rb2 32. Be4 Ra2 0-1

[Event "ONJK 2023 U25"]
[Site "Dieren, Netherlands"]
[Date "2023.08.05"]
[Round "2.2"]
[White "Johannesson, Björn"]
[Black "Faybish, Benjamin"]
[Result "1-0"]
[TimeControl "90min + 30sec/zet"]
[WhiteElo "1200"]
[BlackElo "2064"]

1. Nf3 c5 2. c4 Nc6 3. g3 g6 4. Bg2 Bg7 5. O-O d6 6. d3 e5 7. e4 Nge7 8. Nc3 O-O 9. a3 a5 10.
Bd2 Rb8 11. Qc1 f5 12. exf5 Bxf5 13. Ne4 Bg4 14. Nh4 Nd4 15. Qb1 Nb3 16. Ra2 Qd7 17. Bg5 Nc6 18. Nd2 a4 19. Nhf3 h6 20.
Be3 Rf6 21. h4 Rbf8 22. Nh2 Nxd2 23. Bxd2 Bh3 24. b4 axb3 25. Qxb3 Nd4 26. Qd1 Bxg2 27. Kxg2 Qc6+ 28. f3 h5 29.
a4 Kh7 30. a5 Bh6 31. Bxh6 Kxh6 32. g4 Kh7 33. g5 Rf4 34. Kg3 Nf5+ 35. Kg2 Ne3+ 1-0

[Event "ONJK 2023 U25"]
[Site "Dieren, Netherlands"]
[Date "2023.08.05"]
[Round "2.3"]
[White "Van Randtwijk, Mick"]
[Black "Guillaumond, Matthieu"]
[Result "1-0"]
[TimeControl "90min + 30sec/zet"]
[WhiteElo "2035"]
[BlackElo "1856"]

1. e4 c5 2. Nf3 Nc6 3. d4 cxd4 4. Nxd4 g6 5. Nc3 Bg7 6. Be3 Nf6 7. Bc4 Qa5 8. O-O O-O 9. Bb3 d6 10.
h3 Bd7 11. f4 Rac8 12. Qd3 a6 13. Rae1 b5 14. e5 dxe5 15. Nxc6 Bxc6 16. fxe5 Rcd8 17. exf6 Bxf6 18. Qe2 b4 19.
Nd1 Kg7 20. Qf2 Qh5 21. Kh2 Be5+ 22. Bf4 Bxf4+ 23. Qxf4 Kg8 24. Re5 Rd2 25. Nf2 1-0

[Event "ONJK 2023 U25"]
[Site "Dieren, Netherlands"]
[Date "2023.08.07"]
[Round "3.1"]
[White "Baselmans, Luuk"]
[Black "Van Randtwijk, Mick"]
[Result "1-0"]
[TimeControl "90min + 30sec/zet"]
[WhiteElo "2338"]
[BlackElo "2035"]

1. e4 c5 2. Nf3 d6 3. Bb5+ Nd7 4. Ba4 Ngf6 5. O-O e6 6. Re1 a6 7. c4 Be7 8. Nc3 O-O 9. d4 cxd4 10.
Nxd4 Qc7 11. Qe2 h6 12. h3 Nb6 13. Bb3 Bd7 14. Nc2 Rac8 15. Ne3 Rfe8 16. Bd2 Bc6 17. Bc2 Rcd8 18. a4 d5 19.
cxd5 exd5 20. a5 Nc4 21. Nxc4 dxc4 22. Be3 Qe5 23. Qxc4 Rc8 24. f4 Qh5 25. Qf1 Bc5 26. e5 Bxe3+ 27. Rxe3 Nd5 28. Nxd5 Bxd5 29. Qd3 Qh4 30. Rf1 Red8 31. Qh7+ Kf8 32. Bf5 Bc4 33. g3 Qh5 34. Rfe1 Be6 35.
Bxe6 fxe6 36. f5 Qg5 37. f6 gxf6 38. exf6 Rd2 39. Qe7+ 1-0

[Event "ONJK 2023 U25"]
[Site "Dieren, Netherlands"]
[Date "2023.08.07"]
[Round "3.2"]
[White "Faybish, Benjamin"]
[Black "Boudry, William"]
[Result "1/2-1/2"]
[TimeControl "90min + 30sec/zet"]
[WhiteElo "2064"]
[BlackElo "2084"]

1. d4 d5 2. c4 e6 3. Nf3 c6 4. e3 f5 5. Nc3 Nf6 6. Bd3 Bd6 7. O-O Ne4 8. Ne2 g5 9. Ne5 Nc5 10.
b3 Nxd3 11. Qxd3 Nd7 12. Bb2 Qf6 13. f4 Rg8 14. Nxd7 Bxd7 15. a4 O-O-O 16. Ba3 Bc7 17. b4 Rg6 18. Ra2 Rdg8 19. b5 gxf4 20.
Nxf4 Qh4 21. cxd5 Bxf4 22. Rxf4 Qh3 23. Rff2 exd5 24. bxc6 Rxc6 25. Rac2 Kb8 26. Rxc6 Bxc6 27. Bd6+ Ka8 28.
a5 Qh6 29. Bf4 Qe6 30. Be5 Bd7 31. Rc2 Rc8 32. Rxc8+ Bxc8 33. Qc3 Qc6 34. Qxc6 bxc6 35. Kf2 Kb7 36. Kf3 Ka6 37. Bc7 Kb5 38.
Kf4 c5 39. dxc5 Kxc5 40. Kg5 d4 41. exd4+ Kxd4 42. Kh6 Ke3 43. Kxh7 f4 44. h4 Bb7 45. h5 Bxg2 46. h6 Be4+ 47.
Kg7 f3 48. Bb8 a6 49. h7 Bxh7 50. Kxh7 Ke4 51. Ba7 Kd5 52. Kg6 Kc6 53. Kf5 Kb5 54. Kf4 Kxa5 55. Ke4 1/2-1/2

[Event "ONJK 2023 U25"]
[Site "Dieren, Netherlands"]
[Date "2023.08.07"]
[Round "3.3"]
[White "Guillaumond, Matthieu"]
[Black "Verheul, Job"]
[Result "1-0"]
[TimeControl "90min + 30sec/zet"]
[WhiteElo "1856"]
[BlackElo "1952"]

1. e4 c6 2. d4 d5 3. Nc3 dxe4 4. Nxe4 Nf6 5. Nxf6+ exf6 6. c3 Bd6 7. Bd3 O-O 8. Ne2 Re8 9.
Qc2 h5 10. Be3 Nd7 11. O-O-O Nf8 12. h3 Be6 13. Kb1 b5 14. g4 Bd5 15. Rhg1 Bh2 16. gxh5 Bxg1 17. Rxg1 Kh8 18. Bh6 g5 19.
hxg6 fxg6 20. Bxf8 Rxf8 21. Nf4 Bf7 22. Nxg6+ Bxg6 23. Bxg6 f5 24. Bxf5 Qf6 25. Be4 Rae8 26. f3 Rg8 27.
Rg4 a5 28. Qf2 Rxg4 29. hxg4 Kg7 30. Qh2 Re7 31. Qh7+ Kf8 32. Qf5 Qxf5 33. Bxf5 b4 34. cxb4 axb4 35. Kc2 c5 36. dxc5 Rc7 37.
Kb3 Rxc5 38. Kxb4 1-0

[Event "ONJK 2023 U25"]
[Site "Dieren, Netherlands"]
[Date "2023.08.07"]
[Round "4.1"]
[White "Faybish, Benjamin"]
[Black "Baselmans, Luuk"]
[Result "1/2-1/2"]
[TimeControl "90min + 30sec/zet"]
[WhiteElo "2064"]
[BlackElo "2338"]

1. d4 Nf6 2. c4 e6 3. Nf3 Bb4+ 4.
Bd2 a5 5. a3 Bxd2+ 6. Qxd2 O-O 7. Nc3 d6 8. e4 Nc6 9. Bd3 e5 10. d5 Ne7 11. O-O a4 12. Bc2 Ng6 13. Ne1 b6 14.
Nd3 Bd7 15. f4 exf4 16. Nxf4 Ng4 17. Nxg6 hxg6 18. Rae1 Qh4 19. g3 Qe7 20. Qd4 Ne5 21. Nb5 Ra5 22. Bd3 Nxc4 23. Nxc7 Bh3 24.
Rf2 Ne5 25. Nb5 Rc8 26. Nc3 Rac5 27. Bf1 Bxf1 28. Rexf1 b5 29. Kg2 Qd7 30. h3 Rb8 31. Na2 Rc4 32. Qe3 f6 33. Nb4 Re8 34.
Rc2 Rxc2+ 35. Nxc2 Nc4 36. Qd4 Qe7 37. Re1 g5 38. Qc3 Rc8 39. Nd4 Qb7 40. Qb4 Qb6 41. Qc3 Rb8 42. Nc6 Re8 43.
Nd4 g4 44. hxg4 Ne5 45. g5 fxg5 46. Ne6 g4 47. Rc1 Rb8 48. Qc7 Qxc7 49. Rxc7 Nf7 50. Nd4 b4 51. Ra7 bxa3 52. bxa3 Rb2+ 53.
Kf1 Ng5 54. Nf5 Nxe4 55. Rxg7+ Kf8 56. Rxg4 Nd2+ 57. Kg2 Ne4+ 58. Kf3 Nd2+ 59. Kf4 Rb3 60. Nxd6 Rxa3 61. Ke5 Re3+ 62. Kd4 Rb3 63.
Rf4+ Ke7 64. Nf5+ Kd7 65. Rf2 Nf3+ 66. Kc4 Ne5+ 67. Kd4 Nf3+ 68. Ke4 Ng5+ 69. Kd4 1/2-1/2

[Event "ONJK 2023 U25"]
[Site "Dieren, Netherlands"]
[Date "2023.08.07"]
[Round "4.2"]
[White "Johannesson, Björn"]
[Black "Guillaumond, Matthieu"]
[Result "0-1"]
[TimeControl "90min + 30sec/zet"]
[WhiteElo "1200"]
[BlackElo "1856"]

1. e4 c5 2. c3 Nf6 3. e5 Nd5 4.
d4 cxd4 5. cxd4 d6 6. Nf3 Nc6 7. Bc4 Nb6 8. Bb3 dxe5 9. dxe5 Qxd1+ 10. Bxd1 Bf5 11. a3 Nc4 12. Ba4 Bd7 13. O-O N4xe5 14. Nxe5 Nxe5 15. Bxd7+ Nxd7 16. Nc3 Rc8 17. Bf4 a6 18. Rad1 e6 19. Ne4 Nf6 20. Nd6+ Bxd6 21. Bxd6 Nd5 22.
Rfe1 Kd7 23. Bg3 Rc2 24. b4 Rhc8 25. Re3 Rd2 26. Rd3 Rxd3 0-1

[Event "ONJK 2023 U25"]
[Site "Dieren, Netherlands"]
[Date "2023.08.07"]
[Round "4.3"]
[White "Van Randtwijk, Mick"]
[Black "Boudry, William"]
[Result "1/2-1/2"]
[TimeControl "90min + 30sec/zet"]
[WhiteElo "2035"]
[BlackElo "2084"]

1. e4 e5 2. Nf3 Nc6 3. Bb5 Nge7 4. d4 exd4 5. Nxd4 g6 6. Nc3 Bg7 7. Be3 O-O 8. O-O d5 9. exd5 Nxd5 10.
Nxd5 Nxd4 11. Bxd4 Qxd5 12. Bxg7 Qxd1 13. Raxd1 Kxg7 14. Bd7 Rd8 15. Bxc8 Raxc8 16. Rfe1 Kf6 17. f4 Re8 1/2-1/2

[Event "ONJK 2023 U25"]
[Site "Dieren, Netherlands"]
[Date "2023.08.08"]
[Round "5.1"]
[White "Baselmans, Luuk"]
[Black "Guillaumond, Matthieu"]
[Result "1-0"]
[TimeControl "90min + 30sec/zet"]
[WhiteElo "2338"]
[BlackElo "1856"]

1. e4 c5 2. Nf3 Nc6 3. Bb5 g6 4. O-O Bg7 5. Bxc6 dxc6 6. d3 e5 7. h3 Qe7 8. Nc3 Nf6 9. Be3 O-O 10.
a4 a5 11. Nd2 Be6 12. Nc4 Nd7 13. Qc1 Bxc4 14. dxc4 Qe6 15. b3 f5 16. Bh6 f4 17. Bxg7 Kxg7 18. Rd1 Rad8 19. Qd2 Rf6 20.
f3 g5 21. Qf2 h5 22. Rd3 Kf7 23. Rad1 Ke7 24. Qd2 b6 25. Ne2 Rg6 26. Kf1 Rf6 27. c3 Rh6 28. Ke1 g4 29. Ng1 Rg6 30.
Qf2 g3 31. Qd2 h4 32. Ne2 Rf6 33. Kf1 Rg6 34. Kg1 Rf6 35. Kh1 Rg6 36. b4 cxb4 37. cxb4 axb4 38. Qxb4+ c5 39. Qd2 Qc6 40.
Nc3 Ke8 41. Nb5 Ke7 42. Rd5 Re6 43. Nd6 1-0

[Event "ONJK 2023 U25"]
[Site "Dieren, Netherlands"]
[Date "2023.08.08"]
[Round "5.2"]
[White "Van Randtwijk, Mick"]
[Black "Faybish, Benjamin"]
[Result "1-0"]
[TimeControl "90min + 30sec/zet"]
[WhiteElo "2035"]
[BlackElo "2064"]

1. e4 c5 2. Nf3 Nc6 3. d4 cxd4 4. Nxd4 g6 5. Nc3 Bg7 6. Be3 Nf6 7. Bc4 O-O 8. Bb3 a5 9. O-O a4 10.
Nxa4 Nxe4 11. Nb5 Ra6 12. c4 d6 13. Qe2 Nf6 14.
Rfd1 Bg4 15. f3 Be6 16. Nc5 Ra8 17. Nxe6 fxe6 18. Bf2 Qd7 19. Re1 e5 20. a3 Rad8 21. Rad1 Kh8 22. Bb6 Rc8 23. Ba2 Qf5 24. b4 Nh5 25.
g4 Qg5 26. h4 Qxh4 27. gxh5 Qxh5 28. Rf1 Rf4 29. Rf2 e4 30. Rh2 exf3 31. Qf2 Qg5+ 32. Kh1 Ne5 33. Be3 Ng4 34. Qg3 Be5 35.
Rf1 Rcf8 36. Rh3 Kg7 37. Nc7 Qf5 38. Bxf4 Bxf4 39. Qxf3 Qd7 40. Nd5 e5 41. Rh4 h5 42. Bb1 Qd8 43.
Rh3 Qd7 44. Kg2 Kh7 45. Qe4 Qf7 46. Nxf4 exf4 47. Rxf4 Nf6 48. Rhf3 Qg7 49. Qe6 Ng4 50. Qxg6+ 1-0

[Event "ONJK 2023 U25"]
[Site "Dieren, Netherlands"]
[Date "2023.08.08"]
[Round "5.3"]
[White "Boudry, William"]
[Black "Johannesson, Björn"]
[Result "1-0"]
[TimeControl "90min + 30sec/zet"]
[WhiteElo "2084"]
[BlackElo "1200"]

1. d4 d5 2. Nf3 Nf6 3. Bf4 c5 4. e3 e6 5. c3 c4 6. Nbd2 Bd6 7. Bxd6 Qxd6 8. e4 Nxe4 9. Nxe4 dxe4 10.
Nd2 b5 11. a4 Bd7 12. Qg4 O-O 13. Nxe4 f5 14. Nxd6 fxg4 15. axb5 Be8 16. Bxc4 Bf7 17. Nxf7 Kxf7 18. d5 Re8 19.
dxe6+ Rxe6+ 20. Bxe6+ Kxe6 21. O-O-O a6 22. Rhe1+ Kf7 23. b6 Nc6 24. Rd7+ Kf8 25. Rc7 Nd8 26. b7 Rb8 27. Rc8 1-0

[Event "ONJK 2023 U25"]
[Site "Dieren, Netherlands"]
[Date "2023.08.09"]
[Round "6.1"]
[White "Boudry, William"]
[Black "Baselmans, Luuk"]
[Result "0-1"]
[TimeControl "90min + 30sec/zet"]
[WhiteElo "2084"]
[BlackElo "2338"]

1. e4 e6 2. d3 d5 3. Nd2 Nf6 4. Ngf3 c5 5. g3 Nc6 6. Bg2 Be7 7. O-O O-O 8. Re1 dxe4 9. dxe4 e5 10.
c3 Qc7 11. Qc2 h6 12. Nc4 Be6 13. Ne3 Rfd8 14. Nh4 c4 15. Qe2 b5 16. Nhf5 Bf8 17. Qf3 h5 18. Nh6+ Kh7 19. h3 b4 20.
g4 bxc3 21. bxc3 hxg4 22. Nhxg4 Nxg4 23. hxg4 Kg8 24. Nd5 Qc8 25. Bg5 Bxg4 26. Qg3 Rd6 27. f3 Rg6 28. Qh4 Bxf3 29. Bxf3 Qd8 30.
Kf2 Qxg5 31. Rh1 Bc5+ 32. Ke2 Qxh4 33. Rxh4 Rb8 34. Rah1 Rb2+ 35. Kd1 Rg1+ 36. Rxg1 Bxg1 37. Be2 Rxa2 38.
Bxc4 Ra4 39. Bb5 Ra1+ 40. Kc2 Nd8 41. Ne7+ Kf8 42. Nf5 Ra2+ 43. Kb3 Rh2 44. Rg4 Bf2 45. Rxg7 Ne6 46. Rg4 Rh3 47.
Bf1 Rh1 48. Bc4 Nc5+ 49. Kc2 Rh2 50. Nd6 Bd4+ 51. Kd1 Bxc3 52. Nxf7 Na4 53. Kc1 Bb2+ 54. Kd1 Ke7 55. Rg6 Nc3+ 56.
Ke1 Rh1+ 57. Kf2 Nxe4+ 58. Kg2 Rc1 59. Bb3 Rc3 60. Ba2 Ra3 61. Bc4 Ra4 62. Bb3 Rb4 63. Ba2 Nc3 64. Nxe5 Rb5 65.
Re6+ Kd8 66. Kf3 Nxa2 67. Nc6+ Kd7 68. Rh6 Rb6 69. Rh7+ Kxc6 70. Rxa7 Nb4 71. Rh7 Nd5 72. Ke2 Kc5 73.
Kd3 Bd4 74. Rh5 Rb3+ 75. Kc2 Kc4 76. Rh4 Ne3+ 77. Kc1 Ra3 78. Rh7 Kd3 79. Rb7 Ra1+ 80. Rb1 Rxb1+ 0-1

[Event "ONJK 2023 U25"]
[Site "Dieren, Netherlands"]
[Date "2023.08.09"]
[Round "6.2"]
[White "Verheul, Job"]
[Black "Van Randtwijk, Mick"]
[Result "1-0"]
[TimeControl "90min + 30sec/zet"]
[WhiteElo "1952"]
[BlackElo "2035"]

1. e4 c5 2. Nf3 d6 3. d4 cxd4 4. Nxd4 Nf6 5. Nc3 a6 6. Rg1 e5 7. Nb3 Be6 8. g4 Be7 9. g5 Nfd7 10.
Be3 Nc6 11. Qd2 Qc7 12. Nd5 Bxd5 13. exd5 Nd8 14. O-O-O b5 15. Kb1 O-O 16. Bd3 Nb7 17. h4 Nbc5 18. h5 g6 19. f4 exf4 20.
Bd4 Nxb3 21. cxb3 Ne5 22. Qxf4 Rac8 23. Be4 Rfe8 24. Rh1 Bf8 25. Qh4 Qd7 26. Bxe5 Rxe5 27. hxg6 fxg6 28. Bxg6 Re7 29.
Rdf1 Rd8 30. Bf5 Qa7 31. Be6+ Kh8 32. g6 h6 33. Qf6+ Bg7 34. Rxh6# 1-0

[Event "ONJK 2023 U25"]
[Site "Dieren, Netherlands"]
[Date "2023.08.09"]
[Round "6.3"]
[White "Guillaumond, Matthieu"]
[Black "Faybish, Benjamin"]
[Result "0-1"]
[TimeControl "90min + 30sec/zet"]
[WhiteElo "1856"]
[BlackElo "2064"]

1. e4 c5 2. c3 Nf6 3. e5 Nd5 4. Nf3 d6 5. Bc4 Nb6 6. Bb3 c4 7. Bc2 dxe5 8. Nxe5 Qd5 9. Nf3 Bf5 10.
O-O e6 11. Nd4 Bxc2 12. Qxc2 Bc5 13. Ne2 O-O 14. Nf4 Qd7 15. d4 cxd3 16. Qxd3 Qxd3 17. Nxd3 Be7 18. Rd1 Rd8 19. Bf4 Nc6 20.
Kf1 e5 0-1

[Event "ONJK 2023 U25"]
[Site "Dieren, Netherlands"]
[Date "2023.08.10"]
[Round "7.1"]
[White "Said, Omar"]
[Black "Baselmans, Luuk"]
[Result "0-1"]
[TimeControl "90min + 30sec/zet"]
[WhiteElo "1682"]
[BlackElo "2338"]

1. e4 c5 2. Nf3 Nc6 3. b4 cxb4 4. d4 e6 5. d5 Qf6 6. c3 Ne5 7. Nd4 Bc5 8. f4 bxc3 9. Nb5 Kf8 10.
Qh5 d6 11. N1xc3 Ng6 12. Qf3 exd5 13. e5 dxe5 14. Nxd5 e4 15. Qa3 Qxa1 16. Qxc5+ N8e7 17. Nbc7 b6 18. Qa3 Bb7 19. Nxe7 Nxe7 20.
Nxa8 Bxa8 21. Bb5 Qd4 22. Be3 Qd8 23. Qa4 a6 24. Qxa6 Nd5 25. Qa7 h5 26. Bc1 Rh6 27. O-O Kg8 28. Rd1 Rf6 29. Bc4 Rd6 30. Ba3 Rd7 31. Qa4 Bb7 32. Bb5 Rc7 33. Qxe4 Qa8 34. Bd6 Rc8 35. Qe5 Nc3 36. Re1 Nxb5 37.
Qxb5 Qxa2 38. Re2 Qa1+ 39. Kf2 Qd4+ 40. Kf1 Rc1+ 41. Re1 Rxe1+ 42. Kxe1 Qxd6 43. Qe8+ Qf8 44. Qb5 Qe7+ 45. Kf1 Qe4 46.
Qxb6 Qxg2+ 47. Ke1 Qh1+ 48. Kd2 Qxh2+ 49. Kc3 Qg3+ 50. Kb2 Qg2+ 51. Kc3 Qc6+ 52. Kd4 0-1

[Event "ONJK 2023 U25"]
[Site "Dieren, Netherlands"]
[Date "2023.08.10"]
[Round "7.2"]
[White "Faybish, Benjamin"]
[Black "Verheul, Job"]
[Result "1/2-1/2"]
[TimeControl "90min + 30sec/zet"]
[WhiteElo "2064"]
[BlackElo "1952"]

1. d4 d5 2. c4 c6 3. Nc3 Nf6 4. e3 e6 5. Nf3 Nbd7 6. Be2 Bd6 7. O-O O-O 8. b3 b6 9. Bb2 Bb7 10.
Bd3 Qe7 11. cxd5 exd5 12. Rc1 Ne4 13. Ne2 f5 14. Bb1 Rae8 15. Nf4 Rf6 16. Nd3 Ba6 17. g3 Bb8 18. Re1 Rh6 19. Ba1 g5 20. Nfe5 Nxe5 21. Nxe5 Bxe5 22.
dxe5 g4 23. Bxe4 dxe4 24. e6 c5 25. Qc2 Qg5 26. Qc3 Rexe6 27. b4 Re7 28. b5 Bb7 29. Rcd1 Qh5 30. Rd8+ Kf7 31. Qg7+ Ke6 32.
Qe5+ Kf7 33. Qg7+ Ke6 1/2-1/2

[Event "ONJK 2023 U25"]
[Site "Dieren, Netherlands"]
[Date "2023.08.10"]
[Round "7.3"]
[White "Van Dam, Thijs"]
[Black "Van Randtwijk, Mick"]
[Result "0-1"]
[TimeControl "90min + 30sec/zet"]
[WhiteElo "1919"]
[BlackElo "2035"]

1. d4 d5 2. Nf3 e6 3. Bf4 Bd6 4. e3 Bxf4 5. exf4 Nf6 6. Bd3 b6 7. c3 Bb7 8. O-O O-O 9. f5 exf5 10.
Bxf5 Qd6 11. Ne5 c5 12. Re1 Nc6 13. Na3 a6 14. dxc5 bxc5 15. Nac4 Qc7 16. Nxc6 Bxc6 17. Ne5 Rfe8 18.
Ng4 Rxe1+ 19. Qxe1 Nxg4 20. Bxg4 d4 21. cxd4 cxd4 22. Qd2 Rd8 23. Rc1 Qb6 24. Qg5 Bb7 25. Qe7 Rf8 26. Qe2 Qg6 27.
Rd1 h5 28. Bf3 Bxf3 29. Qxf3 Rd8 30. Qd3 Qe6 31. a3 Rd5 32. h3 g6 33. Kf1 Qd6 34. Kg1 Kg7 35. Kf1 h4 36. Kg1 a5 37.
Rc1 Re5 38. Rd1 Kh7 39. Kf1 Rd5 40. Kg1 Kg7 41. Rc1 Qb6 42. Rc2 a4 43. Rd2 Qe6 44. Re2 Qd6 45. Rd2 Qf4 46. Rd1 Qc7 47.
Qe4 Qd8 48. Rd3 g5 49. Qe2 Qc7 50. Qd2 Qd6 51. Qd1 Qd7 52. Qg4 Qe7 53. Qd1 Re5 54. Kh2 Re1 55. Qg4 Re4 56. Qd1 Qe5+ 57.
g3 Re2 58. Rf3 Rxf2+ 59. Rxf2 Qxg3+ 60. Kh1 Qxf2 61. b3 axb3 62. Qxb3 Qe1+ 63. Kg2 Qe2+ 64. Kg1 d3 65. Qc3+ f6 66.
Qc7+ Kg6 67. Qd8 Qe1+ 68. Kh2 Qg3+ 69. Kh1 Qxh3+ 70. Kg1 Qe3+ 71. Kh1 d2 72. Qg8+ Kh5 73. Qh7+ Kg4 74. Qd7+ f5 0-1